 Dungeon Crawl Stone Soup version 0.32-a0-468-g38b2580584 (webtiles) character file.

Game seed: 3629453450812294503

2073 drugrobin the Basher (level 8, -1/62 HPs)
             Began as a Demigod Delver on Feb 25, 2024.
             Slain by a tengu conjurer (3 damage)
             ... on level 8 of the Dungeon.
             The game lasted 00:13:34 (6549 turns).

drugrobin the Basher (Demigod Delver)               Turns: 6549, Time: 00:13:35

Health: -1/62      AC: 11    Str: 21    XL:     8   Next: 77%
Magic:  10/10      EV:  7    Int: 12    God:
Gold:   219        SH:  7    Dex: 15    Spells: 7/7 levels left

rFire   . . .        a - +2 flail (protect)
rCold   . . .        e - +0 kite shield
rNeg    + . .        s - +2 chain mail {Will+}
rPois   .            (no helmet)
rElec   .            z - +0 cloak
rCorr   .            (no gloves)
SInv    .            (no boots)
Will    +....        (no amulet) Stlth
                     p - ring of positive energy
HPRegen 0.30/turn    (no ring)
MPRegen 0.12/turn

%: no passive effects
@: no status effects
A: high MP 1, forlorn, divine attributes
a: no special abilities


You were on level 8 of the Dungeon.
You visited 1 branch of the dungeon, and saw 8 of its levels.

You collected 483 gold pieces.
You spent 264 gold pieces at shops.

Inventory:

Hand Weapons
 a - a +2 flail of protection (weapon)
 r - a +3 flail
 u - a +0 morningstar
 F - a +4 club
 I - a +4 quarterstaff of chaos
 J - a +1 whip of flaming
Missiles
 h - a throwing net
 v - 3 poisoned darts (quivered)
Armour
 e - a +0 kite shield (worn)
 i - an orb of wrath
 s - a +2 chain mail of willpower (worn)
 z - a +0 cloak (worn)
 G - a +2 leather armour of willpower
Magical Staves
 q - a staff of conjuration
Jewellery
 p - a ring of positive energy (left hand)
 D - a ring of willpower
Wands
 d - a wand of roots (4)
 g - a wand of digging (8)
 C - a wand of flame (8)
 E - a wand of mindburst (7)
 N - a wand of charming (9)
Scrolls
 b - a scroll of brand weapon
 c - 2 scrolls of fog
 f - a scroll of poison
 l - 4 scrolls of teleportation
 n - a scroll of butterflies
 o - 2 scrolls of amnesia
 y - a scroll of fear
 B - a scroll of enchant weapon
 K - a scroll of torment
 L - a scroll of revelation
 M - a scroll of silence
Potions
 j - 5 potions of heal wounds
 k - a potion of curing
 m - a potion of enlightenment
 t - a potion of brilliance {unknown}
 w - 2 potions of attraction {unknown}
 x - a potion of ambrosia {unknown}
 A - a potion of degeneration
 H - a potion of might {unknown}


   Skills:
 - Level 2.6 Fighting
 + Level 10.2 Maces & Flails
 - Level 1.7 Dodging
 - Level 4.5 Stealth
 - Level 4.0 Evocations


You had 7 spell levels left.
You didn't know any spells.
Your spell library contained the following spells:

 Spells                   Type           Power      Damage    Failure   Level
 Slow                     Hex            0%         N/A       100%        1
 Sting                    Conj/Alch      0%         1d3       100%        1
 Mercury Vapours          Alch/Air       0%         N/A       100%        2
 Confusing Touch          Hex            0%         N/A       100%        3
 Sigil of Binding         Hex            0%         N/A       100%        3
 Vampiric Draining        Necr           0%         2d6       100%        3
 Olgreb's Toxic Radiance  Alch           0%         N/A       100%        4


Dungeon Overview and Level Annotations

Branches:
Dungeon (8/15)             Temple (0/1) D:5
   Lair: D:8-11

Shops:
D:5 *


Innate Abilities, Weirdness & Mutations

You have an increased reservoir of magic. (+10% MP)
You shall have no god before yourself.
Your divine heritage dramatically boosts your attributes as you level up.


Message History

Aiming: Throw Flame
Press: ? - help, Shift-Dir - straight line, f/p - tengu conjurer
Aim: a tengu conjurer (almost dead, 46% to hit)
The puff of flame misses the tengu conjurer.
The puff of flame hits the battlesphere.
The battlesphere resists.
The battlesphere is lightly damaged.
The tengu conjurer gestures at you while chanting.
The bolt of lightning hits you!
* * * LOW HITPOINT WARNING * * *
The bolt of lightning misses you.
Unknown command.
Unknown command.
Aiming: Throw Flame
Press: ? - help, Shift-Dir - straight line, f/p - tengu conjurer
Aim: a tengu conjurer (almost dead, 46% to hit)
The puff of flame misses the tengu conjurer.
The puff of flame hits the battlesphere.
The battlesphere completely resists.
The battlesphere is lightly damaged.
Unknown command.
Aiming: Throw Flame
Press: ? - help, Shift-Dir - straight line, f/p - tengu conjurer
Aim: a tengu conjurer (almost dead, 46% to hit)
The puff of flame hits the tengu conjurer.
The tengu conjurer is almost dead.
Unknown command.
Unknown command.
Aiming: Throw Flame
Press: ? - help, Shift-Dir - straight line, f/p - tengu conjurer
Aim: a tengu conjurer (almost dead, 46% to hit)
The puff of flame misses the tengu conjurer.
The puff of flame misses the battlesphere.
Unknown command.
Unknown command.
Unknown command.
You miss the tengu conjurer.
The tengu conjurer is almost dead.
The tengu conjurer hits you.
You die...

.## ## # # #####
...># ....# ##.##
############
...*Q....Q(...*Q@#
#..###..##########
.... # ####


You could see 2 tengu conjurers and a battlesphere.

Vanquished Creatures
  Eustachio (D:5)
  A water moccasin (D:5)
  An orc warrior (D:5)
  3 ogres
  2 centaurs
  2 phantoms
  6 scorpions
  2 howler monkeys (D:7)
  A jelly (D:5)
  Crazy Yiuf (D:3)
  2 bombardier beetles
  3 hounds
  A gnoll bouda (D:5)
  2 orc priests
  Ijyb (D:3)
  3 iguanas
  4 orc wizards
  Terence (D:2)
  8 gnolls
  7 adders
  4 ufetubi
  A dart slug (D:4)
  A ribbon worm (D:2)
  16 orcs
  3 bats
  8 endoplasms
  2 giant cockroaches
  2 goblins
  7 hobgoblins
  4 jackals
  2 quokkas
  4 ball pythons
  2 frilled lizards (D:1)
  7 kobolds
  6 rats
121 creatures vanquished.

Notes
Turn   | Place    | Note
-------+----------+-------------------------------------------
     0 | D:5      | drugrobin the Demigod Delver began the quest for the Orb.
     0 | D:5      | Reached XP level 1. HP: 18/18 MP: 3/3
    12 | D:5      | Noticed a scorpion
    12 | D:5      | Noticed an orc priest
    12 | D:5      | Noticed an orc wizard
    43 | D:4      | Noticed a phantom
    50 | D:3      | Noticed Ijyb
   131 | D:2      | Reached skill level 2 in Maces & Flails
   335 | D:1      | Reached XP level 2. HP: 25/25 MP: 4/4
   480 | D:1      | Reached skill level 3 in Maces & Flails
   938 | D:1      | Reached XP level 3. HP: 17/30 MP: 5/5
  1648 | D:2      | Noticed Terence
  1662 | D:2      | Killed Terence
  1663 | D:2      | Reached skill level 4 in Maces & Flails
  2079 | D:4      | Reached XP level 4. HP: 37/37 MP: 6/6
  2441 | D:4      | Reached skill level 5 in Maces & Flails
  2441 | D:4      | Reached XP level 5. HP: 37/42 MP: 7/7
  2802 | D:5      | Noticed a water moccasin
  2819 | D:5      | Killed a water moccasin
  2820 | D:5      | Reached skill level 6 in Maces & Flails
  2820 | D:5      | Reached XP level 6. HP: 50/50 MP: 8/8
  2969 | D:5      | Noticed Eustachio
  2986 | D:5      | Killed Eustachio
  2987 | D:5      | Reached skill level 7 in Maces & Flails
  3138 | D:5      | Reached XP level 7. HP: 52/56 MP: 9/9
  3327 | D:5      | Found Keareh's General Store.
  3385 | D:5      | Bought a potion of degeneration for 14 gold pieces
  3385 | D:5      | Bought a scroll of enchant weapon for 105 gold pieces
  3385 | D:5      | Bought a wand of flame (12) for 117 gold pieces
  3385 | D:5      | Bought a scroll of identify for 28 gold pieces
  3447 | D:5      | Reached skill level 8 in Maces & Flails
  3485 | D:5      | Found a staircase to the Ecumenical Temple.
  3935 | D:3      | Found a runed translucent door.
  3936 | D:3      | Noticed Crazy Yiuf
  4004 | D:3      | Killed Ijyb
  4291 | D:3      | Killed Crazy Yiuf
  4460 | D:5      | Reached skill level 9 in Maces & Flails
  4541 | D:6      | Reached skill level 1 in Evocations
  4541 | D:6      | Reached XP level 8. HP: 21/62 MP: 10/10
  6055 | D:7      | Reached skill level 10 in Maces & Flails
  6466 | D:8      | Noticed a tengu conjurer
  6466 | D:8      | Noticed a tengu conjurer
  6545 | D:8      | HP: 1/62 [tengu conjurer/bolt of lightning (12)]
  6549 | D:8      | Slain by a tengu conjurer

Illustrated notes

Levels and vault maps discovered:
D:1:      roderic_dead_forest, layout_loops_ring
D:2:      layout_loops_ring, basic_altar, nicolae_houndstooth_variations,
          uniq_terence
D:3:      layout_rooms, minivault_24, chequers_avenue, uniq_crazy_yiuf_cottage,
          uniq_ijyb
D:4:      layout_loops_ring, serial_glass, glass_columns_a, glass_columns_b
D:5:      layout_loops_ring, temple_green, serial_shops, shop, uniq_eustachio
D:6:      layout_layer_cave, mainiacjoe_overflow_boulevard,
          mainiacjoe_overflow_small_starburst, corexii_item_surrounded_by_moat,
          nicolae_letterblocks [nicolae_letter_subblock,
          nicolae_letter_subblock, nicolae_letter_subblock,
          nicolae_letter_subblock, nicolae_letter_subblock,
          nicolae_letter_subblock, nicolae_letter_subblock,
          nicolae_letter_subblock, nicolae_letter_subblock,
          nicolae_letter_subblock, nicolae_letter_subblock,
          nicolae_letter_subblock, nicolae_letter_subblock,
          nicolae_letter_subblock, nicolae_letter_subblock,
          nicolae_letter_subblock, nicolae_letter_subblock,
          nicolae_letter_subblock, nicolae_letter_subblock,
          nicolae_letter_subblock, nicolae_letter_subblock,
          nicolae_letter_subblock, nicolae_letter_subblock,
          nicolae_letter_subblock, nicolae_letter_subblock]
D:7:      layout_basic, serial_curves, eino_curves_04, eino_curves_03,
          eino_curves_01
D:8:      layout_basic, kennysheep_slug_shrine, general_overflow_altar,
          nicolae_shop_i_like_big_books

Skill      XL: |  1  2  3  4  5  6  7  8 |
---------------+-------------------------+-----
Maces & Flails | 2 3 4 5 6 7 9 10 | 10.2
Evocations     | 1 4 |  4.0
Fighting       | |  2.6
Dodging        | |  1.7
Stealth        | |  4.5

Action                     |  1- 3 |  4- 6 |  7- 9 || total
---------------------------+-------+-------+-------++-------
  Melee: Mace              |    57 |       |       ||    57
         Flail             |    56 |   115 |   239 ||   410
  Throw: Dart              |       |     1 |    20 ||    21
  Evoke: Wand              |     1 |     1 |     7 ||     9
    Use: Scroll            |     5 |     3 |     5 ||    13
         Potion            |     2 |       |       ||     2
   Stab: Sleeping          |     4 |       |       ||     4
 Armour: Leather armour    |    48 |       |       ||    48
         Chain mail        |    34 |    73 |   161 ||   268
  Dodge: Dodged            |    51 |    30 |    63 ||   144
  Block: Kite shield       |    41 |    52 |    79 ||   172

Table legend: (Time is in decaauts)
 A = Elapsed time spent in this place.
 B = Non-inter-level travel time spent in this place.
 C = Inter-level travel time spent in this place.
 D = Time resting spent in this place.
 E = Time spent auto-exploring this place.
 F = Levels seen in this place.
 G = Mean time per level.
                   A        B        C        D        E       F      G
               +--------+--------+--------+--------+--------+-----+--------+
         Total |   6658 |   6273 |    385 |    339 |   4339 |   8 |  832.2 |
       Dungeon |   6658 |   6273 |    385 |    339 |   4339 |   8 |  832.2 |
               +--------+--------+--------+--------+--------+-----+--------+

Top non-repeatable levels by time:
     D:6: 1142 daAuts
     D:5: 1107 daAuts
     D:2: 986 daAuts
     D:1: 966 daAuts
     D:7: 879 daAuts
     D:4: 785 daAuts
     D:3: 709 daAuts
     D:8: 82 daAuts
